TOP OF THE 1ST |
Ft. Polk South Thunder Hawks batting - Pitching for Nuevo Mexico Mariachis : LHP Gerard Fyson
|
Pitching: LHP Gerard Fyson
|
|
Batting: SHB Francisco Daulong
|
0-0: Swinging Strike 0-1: Swinging Strike 0-2: Foul Ball, location: 2F 0-2: Fly out, F8 (Line Drive, 8RM, EV 91.2 MPH)
|
Batting: LHB Gabriel Obregón
|
0-0: Called Strike 0-1: Swinging Strike 0-2: Ball 1-2: Strikes out swinging
|
Batting: LHB Remco Mastenbroek
|
0-0: Ground out U3 (Groundball, 34D, EV 86.2 MPH)
|
Top of the 1st over - 0 runs, 0 hits, 0 errors, 0 left on base; Ft. Polk South 0 - Nuevo Mexico 0 |
BOTTOM OF THE 1ST |
Nuevo Mexico Mariachis batting - Pitching for Ft. Polk South Thunder Hawks : LHP Wynn Kelley
|
Pitching: LHP Wynn Kelley
|
|
Batting: RHB John Montgomery
|
0-0: Called Strike 0-1: Foul Ball, location: 2F 0-2: SINGLE (Groundball, 6MD, EV 106.9 MPH)
|
Batting: RHB Gerald Borges
|
0-0: SINGLE (Groundball, 34D, EV 106.2 MPH) John Montgomery to second Runner from 2nd tries for 3rd, SAFE, no throw by RF
|
Batting: RHB Esteban Rojas
|
0-0: Called Strike 0-1: Swinging Strike 0-2: Strikes out swinging
|
Batting: RHB Sergio Dávalos
|
0-0: Ball 1-0: Ball 2-0: Called Strike 2-1: Swinging Strike 2-2: Strikes out swinging
|
Batting: LHB Carlos Díaz
|
0-0: Foul Ball, location: 2F 0-1: Ball 1-1: Foul Ball, location: 2F 1-2: Ball 2-2: SINGLE (Line Drive, 8LS, EV 96.9 MPH) John Montgomery scores Gerald Borges to second
|
Batting: RHB Pedro Santos
|
0-0: Fly out, F9 (Flyball, 89M, EV 87.5 MPH)
|
Bottom of the 1st over - 1 run, 3 hits, 0 errors, 2 left on base; Ft. Polk South 0 - Nuevo Mexico 1 |
TOP OF THE 2ND |
Ft. Polk South Thunder Hawks batting - Pitching for Nuevo Mexico Mariachis : LHP Gerard Fyson
|
Batting: LHB Jorge Agramunt
|
0-0: SINGLE (Flyball, 7S, EV 89.4 MPH)
|
Batting: RHB Aubrey Miller
|
0-0: Called Strike 0-1: Ball 1-1: Fly out, F7 (Flyball, 78M, EV 87.5 MPH)
|
Batting: LHB Tim Carson
|
0-0: Called Strike 0-1: Ball 1-1: Called Strike 1-2: Foul Ball, location: 2F 1-2: Ball 2-2: Fly out, F9 (Flyball, 9S, EV 81.2 MPH)
|
Batting: RHB Dermott Mann
|
0-0: Ball 1-0: Fly out, F7 (Flyball, 7D, EV 99.4 MPH)
|
Top of the 2nd over - 0 runs, 1 hit, 0 errors, 1 left on base; Ft. Polk South 0 - Nuevo Mexico 1 |
BOTTOM OF THE 2ND |
Nuevo Mexico Mariachis batting - Pitching for Ft. Polk South Thunder Hawks : LHP Wynn Kelley
|
Batting: LHB Greg Rogers
|
0-0: Called Strike 0-1: Swinging Strike 0-2: Foul Ball, location: 2F 0-2: Ball 1-2: Foul Ball, location: 2F 1-2: Ground out 1-3 (Groundball, P, EV 85.0 MPH)
|
Batting: LHB Albert Porter
|
0-0: Fly out, F8 (Flyball, 8RD, EV 103.1 MPH)
|
Batting: LHB Ryutaro Watanabe
|
0-0: Ball 1-0: Ball 2-0: Fly out, F7 (Line Drive, 7, EV 87.5 MPH)
|
Bottom of the 2nd over - 0 runs, 0 hits, 0 errors, 0 left on base; Ft. Polk South 0 - Nuevo Mexico 1 |
TOP OF THE 3RD |
Ft. Polk South Thunder Hawks batting - Pitching for Nuevo Mexico Mariachis : LHP Gerard Fyson
|
Batting: RHB Tora Tora
|
0-0: Ball 1-0: Foul Ball, location: 2F 1-1: Ball 2-1: Ball 3-1: Called Strike 3-2: Foul Ball, location: 2F 3-2: Foul Ball, location: 2F 3-2: Base on Balls
|
Batting: RHB Raúl Colomo
|
0-0: Called Strike 0-1: Ball 1-1: Foul Ball, location: 2F 1-2: Ball 2-2: Grounds into double play, 1-6-3 (Groundball, 13S, EV 77.5 MPH)
|
Batting: SHB Francisco Daulong
|
0-0: Called Strike 0-1: Ball 1-1: Called Strike 1-2: Foul Ball, location: 2F 1-2: Ball 2-2: Strikes out swinging
|
Top of the 3rd over - 0 runs, 0 hits, 0 errors, 0 left on base; Ft. Polk South 0 - Nuevo Mexico 1 |
BOTTOM OF THE 3RD |
Nuevo Mexico Mariachis batting - Pitching for Ft. Polk South Thunder Hawks : LHP Wynn Kelley
|
Batting: RHB John Montgomery
|
0-0: Ball 1-0: Ball 2-0: Ball 3-0: Base on Balls
|
Batting: RHB Gerald Borges
|
0-0: Ball 1-0: Foul Ball, location: 2F 1-1: Swinging Strike 1-2: Ball 2-2: Fly out, F4 (Line Drive, 4, EV 71.2 MPH)
|
Batting: RHB Esteban Rojas
|
0-0: Ball 1-0: Ball 2-0: Ball 3-0: Called Strike 3-1: Base on Balls John Montgomery to second
|
Batting: RHB Sergio Dávalos
|
0-0: Foul Ball, location: 2F 0-1: Swinging Strike 0-2: Ball 1-2: Strikes out swinging
|
Batting: LHB Carlos Díaz
|
0-0: Ball 1-0: SINGLE (Line Drive, 4MD, EV 93.8 MPH) John Montgomery to third Esteban Rojas to second
|
Batting: RHB Pedro Santos
|
0-0: Called Strike 0-1: Foul Ball, location: 2F 0-2: Ball 1-2: DOUBLE (Flyball, 8LXD, EV 95.0 MPH) John Montgomery scores Esteban Rojas scores Carlos Díaz to third Runner from 3rd tries for Home, SAFE, throw by CF to home
|
Batting: LHB Greg Rogers
|
0-0: Swinging Strike 0-1: Swinging Strike 0-2: Strikes out swinging
|
Bottom of the 3rd over - 3 runs, 2 hits, 0 errors, 1 left on base; Ft. Polk South 0 - Nuevo Mexico 4 |
TOP OF THE 4TH |
Ft. Polk South Thunder Hawks batting - Pitching for Nuevo Mexico Mariachis : LHP Gerard Fyson
|
Batting: LHB Gabriel Obregón
|
0-0: Ball 1-0: Called Strike 1-1: Foul Ball, location: 2F 1-2: Ball 2-2: Foul Ball, location: 2F 2-2: Foul Ball, location: 2F 2-2: Ground out 6-3 (Groundball, 56, EV 86.9 MPH)
|
Batting: LHB Remco Mastenbroek
|
0-0: Called Strike 0-1: Foul Ball, location: 2F 0-2: SOLO HOME RUN (Flyball, 9D, EV 106.2 MPH), Distance : 375 ft
|
Batting: LHB Jorge Agramunt
|
0-0: Called Strike 0-1: Ball 1-1: Ground out 4-3 (Groundball, 4, EV 85.6 MPH)
|
Batting: RHB Aubrey Miller
|
0-0: Fly out, F8 (Flyball, 8RS, EV 89.4 MPH)
|
Top of the 4th over - 1 run, 1 hit, 0 errors, 0 left on base; Ft. Polk South 1 - Nuevo Mexico 4 |
BOTTOM OF THE 4TH |
Nuevo Mexico Mariachis batting - Pitching for Ft. Polk South Thunder Hawks : LHP Wynn Kelley
|
Batting: LHB Albert Porter
|
0-0: Called Strike 0-1: Foul Ball, location: 2F 0-2: Fly out, F5 (Popup, 56S, EV 67.5 MPH)
|
Batting: LHB Ryutaro Watanabe
|
0-0: Called Strike 0-1: Called Strike 0-2: Ball 1-2: SOLO HOME RUN (Flyball, 89XD, EV 101.2 MPH), Distance : 377 ft
|
Batting: RHB John Montgomery
|
0-0: Foul Ball, location: 2F 0-1: Ground out 3-1 (Groundball, 34, EV 98.1 MPH)
|
Batting: RHB Gerald Borges
|
0-0: Ball 1-0: Called Strike 1-1: Foul Ball, location: 2F 1-2: Foul Ball, location: 2F 1-2: Ball 2-2: Ground out 6-3 (Groundball, 6, EV 101.9 MPH)
|
Bottom of the 4th over - 1 run, 1 hit, 0 errors, 0 left on base; Ft. Polk South 1 - Nuevo Mexico 5 |
TOP OF THE 5TH |
Ft. Polk South Thunder Hawks batting - Pitching for Nuevo Mexico Mariachis : LHP Gerard Fyson
|
Batting: LHB Tim Carson
|
0-0: Ball 1-0: Foul Ball, location: 2F 1-1: Swinging Strike 1-2: Fly out, F4 (Flyball, 4D, EV 83.1 MPH)
|
Batting: RHB Dermott Mann
|
0-0: Ground out 6-3 (Groundball, 6S, EV 78.8 MPH)
|
Batting: RHB Tora Tora
|
0-0: Called Strike 0-1: Ground out 4-3 (Groundball, 4M, EV 105.0 MPH)
|
Top of the 5th over - 0 runs, 0 hits, 0 errors, 0 left on base; Ft. Polk South 1 - Nuevo Mexico 5 |
BOTTOM OF THE 5TH |
Nuevo Mexico Mariachis batting - Pitching for Ft. Polk South Thunder Hawks : LHP Wynn Kelley
|
Batting: RHB Esteban Rojas
|
0-0: Called Strike 0-1: Foul Ball, location: 2F 0-2: SINGLE (Line Drive, 78S, EV 102.5 MPH)
|
Batting: RHB Sergio Dávalos
|
0-0: Ball 1-0: Ball 2-0: Ball 3-0: Base on Balls Esteban Rojas to second
|
Batting: LHB Carlos Díaz
|
0-0: Fly out, F9 (Flyball, 9LS, EV 89.4 MPH)
|
Batting: RHB Pedro Santos
|
0-0: Ball 1-0: Swinging Strike 1-1: Grounds into double play, 5-4-3 (Groundball, 56, EV 86.9 MPH)
|
Bottom of the 5th over - 0 runs, 1 hit, 0 errors, 1 left on base; Ft. Polk South 1 - Nuevo Mexico 5 |
TOP OF THE 6TH |
Ft. Polk South Thunder Hawks batting - Pitching for Nuevo Mexico Mariachis : LHP Gerard Fyson
|
Batting: RHB Raúl Colomo
|
0-0: Swinging Strike 0-1: Ground out 4-3 (Groundball, 4S, EV 81.9 MPH)
|
Batting: SHB Francisco Daulong
|
0-0: Fly out, F8 (Flyball, 8LS, EV 76.2 MPH)
|
Batting: LHB Gabriel Obregón
|
0-0: Called Strike 0-1: Ball 1-1: Swinging Strike 1-2: Strikes out swinging
|
Top of the 6th over - 0 runs, 0 hits, 0 errors, 0 left on base; Ft. Polk South 1 - Nuevo Mexico 5 |
BOTTOM OF THE 6TH |
Nuevo Mexico Mariachis batting - Pitching for Ft. Polk South Thunder Hawks : LHP Wynn Kelley
|
Pitching: RHP Scott Richardson
|
|
Batting: LHB Greg Rogers
|
0-0: Swinging Strike 0-1: Ball 1-1: Ball 2-1: Swinging Strike 2-2: Ball 3-2: Strikes out swinging
|
Batting: LHB Albert Porter
|
0-0: Ball 1-0: Ball 2-0: SINGLE (Groundball, 3S, EV 86.9 MPH) (infield hit)
|
Batting: LHB Ryutaro Watanabe
|
0-0: Swinging Strike 0-1: Foul Ball, location: 2F 0-2: Ball 1-2: Strikes out swinging
|
Batting: RHB John Montgomery
|
0-0: Called Strike 0-1: Ball 1-1: Called Strike 1-2: Ball 2-2: Ball 3-2: Foul Ball, location: 2F 3-2: Fly out, F5 (Line Drive, 5, EV 68.8 MPH)
|
Bottom of the 6th over - 0 runs, 1 hit, 0 errors, 1 left on base; Ft. Polk South 1 - Nuevo Mexico 5 |
TOP OF THE 7TH |
Ft. Polk South Thunder Hawks batting - Pitching for Nuevo Mexico Mariachis : LHP Gerard Fyson
|
Batting: LHB Remco Mastenbroek
|
0-0: Called Strike 0-1: Foul Ball, location: 2F 0-2: Ball 1-2: Ball 2-2: Ball 3-2: Ground out 5-3 (Groundball, 56, EV 86.2 MPH)
|
Batting: LHB Jorge Agramunt
|
0-0: Ball 1-0: Ball 2-0: Ball 3-0: Called Strike 3-1: Foul Ball, location: 2F 3-2: Foul Ball, location: 2F 3-2: Base on Balls
|
Batting: RHB Aubrey Miller
|
0-0: Called Strike 0-1: SINGLE (Line Drive, 34D, EV 106.9 MPH) Jorge Agramunt to second
|
Batting: LHB Tim Carson
|
0-0: Ball 1-0: Ball 2-0: SINGLE (Line Drive, 9S, EV 108.1 MPH) Jorge Agramunt to third Aubrey Miller to second Runner from 3rd tries for Home, SAFE, throw by RF to home
|
Batting: RHB Dermott Mann
|
0-0: DOUBLE (Line Drive, 89D, EV 115.0 MPH) Aubrey Miller scores Tim Carson to third Runner from 3rd tries for Home, SAFE, throw by CF to home
|
Batting: RHB Tora Tora
|
0-0: Called Strike 0-1: Ball 1-1: Ground out 5-3 (Groundball, 56, EV 105.6 MPH)
|
Batting: RHB Raúl Colomo
|
0-0: Ball 1-0: Foul Ball, location: 2F 1-1: Foul Ball, location: 2F 1-2: Ball 2-2: Ball 3-2: Fly out, F9 (Flyball, 89M, EV 85.6 MPH)
|
Top of the 7th over - 3 runs, 3 hits, 0 errors, 1 left on base; Ft. Polk South 4 - Nuevo Mexico 5 |
BOTTOM OF THE 7TH |
Nuevo Mexico Mariachis batting - Pitching for Ft. Polk South Thunder Hawks : RHP Scott Richardson
|
Batting: RHB Gerald Borges
|
0-0: Foul Ball, location: 2F 0-1: Ball 1-1: Ball 2-1: Ball 3-1: Called Strike 3-2: Fly out, F4 (Popup, 4M, EV 77.5 MPH)
|
Batting: RHB Esteban Rojas
|
0-0: Foul Ball, location: 2F 0-1: Ball 1-1: Ground out 1-3 (Groundball, 15S, EV 70.0 MPH)
|
Batting: RHB Sergio Dávalos
|
0-0: SOLO HOME RUN (Flyball, 78XD, EV 112.5 MPH), Distance : 401 ft
|
Batting: LHB Carlos Díaz
|
0-0: Called Strike 0-1: Foul Ball, location: 2F 0-2: Foul Ball, location: 2F 0-2: Foul Ball, location: 2F 0-2: Ball 1-2: Fly out, F8 (Flyball, 78M, EV 93.8 MPH)
|
Bottom of the 7th over - 1 run, 1 hit, 0 errors, 0 left on base; Ft. Polk South 4 - Nuevo Mexico 6 |
TOP OF THE 8TH |
Ft. Polk South Thunder Hawks batting - Pitching for Nuevo Mexico Mariachis : LHP Gerard Fyson
|
Batting: SHB Francisco Daulong
|
0-0: Ball 1-0: Ball 2-0: Ground out 5-3 (Groundball, 56, EV 100.6 MPH)
|
Batting: LHB Gabriel Obregón
|
0-0: Called Strike 0-1: Called Strike 0-2: Ball 1-2: Ball 2-2: Fly out, F9 (Flyball, 9S, EV 87.5 MPH)
|
Batting: LHB Remco Mastenbroek
|
0-0: Ball 1-0: Fly out, F7 (Flyball, 7S, EV 95.0 MPH)
|
Top of the 8th over - 0 runs, 0 hits, 0 errors, 0 left on base; Ft. Polk South 4 - Nuevo Mexico 6 |
BOTTOM OF THE 8TH |
Nuevo Mexico Mariachis batting - Pitching for Ft. Polk South Thunder Hawks : RHP Scott Richardson
|
Batting: RHB Pedro Santos
|
0-0: Foul Ball, location: 2F 0-1: SINGLE (Popup, 3D, EV 65.0 MPH)
|
Batting: LHB Greg Rogers
|
0-0: Called Strike 0-1: Ball 1-1: Swinging Strike 1-2: SINGLE (Line Drive, 9LS, EV 90.0 MPH) Pedro Santos to second Runner from 2nd tries for 3rd, SAFE, no throw by RF
|
Batting: LHB Albert Porter
|
0-0: Called Strike 0-1: Foul Ball, location: 2F 0-2: Ball 1-2: Ball 2-2: Strikes out looking
|
Batting: LHB Ryutaro Watanabe
|
0-0: Called Strike 0-1: Ball 1-1: Ball 2-1: Ball Wild Pitch! Pedro Santos scores Greg Rogers to second 3-1: Base on Balls
|
Pitching: LHP António Morterero
|
|
Batting: RHB John Montgomery
|
0-0: Ball 1-0: Swinging Strike 1-1: Called Strike 1-2: Foul Ball, location: 2F 1-2: Fielders Choice at 2nd, 5-4 (Groundball, 56, EV 104.4 MPH) Greg Rogers to third
|
Batting: RHB Gerald Borges
|
0-0: Called Strike 0-1: Foul Ball, location: 2F 0-2: Ball 1-2: Foul Ball, location: 2F 1-2: Ball 2-2: Strikes out looking
|
Bottom of the 8th over - 1 run, 2 hits, 0 errors, 2 left on base; Ft. Polk South 4 - Nuevo Mexico 7 |
TOP OF THE 9TH |
Ft. Polk South Thunder Hawks batting - Pitching for Nuevo Mexico Mariachis : LHP Gerard Fyson
|
Pitching: LHP Nick Ramey
|
|
Batting: LHB Jorge Agramunt
|
0-0: Foul Ball, location: 2F 0-1: Called Strike 0-2: Ball 1-2: Ball 2-2: Ball 3-2: Foul Ball, location: 2F 3-2: SINGLE (Groundball, 6D, EV 95.0 MPH)
|
Batting: RHB Aubrey Miller
|
0-0: Foul Ball, location: 2F 0-1: Ball 1-1: Ball 2-1: Called Strike 2-2: SINGLE (Groundball, 56D, EV 106.9 MPH) Jorge Agramunt to second
|
Pinch Hitting: SHB Tomás Gálvez
|
0-0: Called Strike 0-1: Foul Ball, location: 2F 0-2: Ball 1-2: Strikes out looking
|
Batting: RHB Dermott Mann
|
0-0: Grounds into double play, 5-4-3 (Groundball, 56, EV 83.8 MPH)
|
Top of the 9th over - 0 runs, 2 hits, 0 errors, 1 left on base; Ft. Polk South 4 - Nuevo Mexico 7 |
|